 Dungeon Crawl Stone Soup version 0.29.1-13-g9f3cf754e1 (webtiles) character file.

Game seed: 17979879761423528577

124 leafyfresh the Gusty (level 5, -1/28 HPs)
             Began as a Tengu Air Elementalist on Feb 1, 2023.
             Slain by an orc priest
             ... wielding a +2 vorpal flail
              (2 damage)
             ... on level 4 of the Dungeon.
             The game lasted 00:02:34 (4154 turns).

leafyfresh the Gusty (Tengu Air Elementalist)       Turns: 4154, Time: 00:02:36

Health: -1/28      AC:  2    Str:  8    XL:     5   Next: 8%
Magic:  1/10       EV: 15    Int: 17    God:
Gold:   201        SH:  0    Dex: 15    Spells: 4/10 levels left

rFire   . . .      SeeInvis .   n - +2 dagger (pain)
rCold   . . .      Faith    .   (no shield)
rNeg    . . .      Spirit   .   a - +0 robe
rPois   .          Reflect  .   (helmet restricted)
rElec   .          Harm     .   (no cloak)
rCorr   .          Rampage  .   (no gloves)
Will    .....                   (boots unavailable)
Stlth   ++........              (no amulet)
HPRegen 0.09/turn               (no ring)
MPRegen 0.12/turn               (no ring)

@: flying quickly and evasively, quick
A: beak, talons 3, nimble flight
a: no special abilities


You were on level 4 of the Dungeon.
You visited 1 branch of the dungeon, and saw 4 of its levels.

You collected 201 gold pieces.

Inventory:

Hand Weapons
 d - a +0 dagger
 n - a +2 dagger of pain (weapon)
Armour
 a - a +0 robe (worn)
Scrolls
 c - 3 scrolls of vulnerability {unknown}
 j - a scroll of noise {unknown}
 l - a scroll of enchant armour {unknown}
 m - 2 scrolls of identify {unknown}
 o - a scroll of poison {unknown}
Potions
 b - a potion of magic
 e - 3 potions of might {unknown}
 f - a potion of degeneration {unknown}
 g - 2 potions of curing {unknown}
 h - a potion of haste {unknown}
 i - 2 potions of ambrosia {unknown}
 k - a potion of attraction {unknown}
 p - a potion of lignification {unknown}


   Skills:
 - Level 2.3 Dodging
 - Level 2.1 Stealth
 + Level 3.1 Spellcasting
 + Level 3.5 Conjurations
 + Level 5.2 Air Magic


You had 4 spell levels left.
You knew the following spells:

 Your Spells              Type           Power      Damage    Failure   Level
a - Shock                 Conj/Air       68%        1d7       2%          1
b - Static Discharge      Conj/Air       17%        3-6/arc   4%          2
c - Swiftness             Air            20%        N/A       6%          3

Your spell library contained the following spells:

 Spells                   Type           Power      Damage    Failure   Level
 Summon Small Mammal      Summ           8%         N/A       17%         1
 Airstrike                Air            10%        2d(2-18)  21%         4
 Call Canine Familiar     Summ           2%         N/A       45%         3
 Summon Guardian Golem    Hex/Summ       2%         N/A       45%         3


Dungeon Overview and Level Annotations

Branches:
Dungeon (4/15)
 Temple: D:4-7

Altars:
Zin

Annotations:
D:3 Sigmund


Innate Abilities, Weirdness & Mutations

You have a beak for a mouth.
You have claws for feet.
Your magical nature lets you fly swiftly and evasively.


Message History

The orc priest is struck by an arc of lightning!
You kill the orc priest!
You are struck by an arc of lightning.
The lightning grounds out.
Your Spellcasting skill increases to level 3!
You have reached level 5!
Your magical nature develops, letting you fly swiftly and evasively.
Found a glass ring.
Found a stone staircase leading down.
Things that are here:
a +0 mace; a +0 leather armour; an orc corpse
Casting: Static Discharge (safe; 4% risk of failure)
Confirm with . or Enter, or press ? or * to list all spells.
The orc priest is struck by an arc of lightning.
The orc priest is moderately wounded.
You are struck by an arc of lightning.
The lightning grounds out.
The orc priest hits you with a +2 vorpal flail.
Unknown command.
Casting: Static Discharge (safe; 4% risk of failure)
Confirm with . or Enter, or press ? or * to list all spells.
The orc priest is struck by an arc of lightning.
The orc priest is heavily wounded.
You are struck by an arc of lightning.
The lightning grounds out.
The orc priest hits you with a +2 vorpal flail.
* * * LOW HITPOINT WARNING * * *
x2
Casting: Static Discharge (safe; 4% risk of failure)
Confirm with . or Enter, or press ? or * to list all spells.
You don't have enough magic to cast this spell.
Unknown command.
You hit the orc priest but do no damage.
The orc priest is heavily wounded.
The orc priest misses you.
You hit the orc priest but do no damage.
The orc priest is heavily wounded.
The orc priest barely misses you.
You hit the orc priest but do no damage.
You claw the orc priest, but do no damage.
You peck the orc priest.
The orc priest is severely wounded.
The orc priest hits you with a +2 vorpal flail.
* * * LOW HITPOINT WARNING * * *
You die...

.#. #.#.... ...
.....# #.= ....# .
##..##... ..
.#...#...#####.?..
....$....#...$....
......o....##.....
#.@..........
#.)..<..?....
.........##.....
##.###..(# ....
#.. #....> .# ...
#...... ...
###.###. #.. ..#
...


You could see an orc priest.

Vanquished Creatures
  An orc priest (D:4)
  Jessica (D:3)
  An adder (D:2)
  A worm (D:2)
  2 dart slugs
  An orc (D:4)
  9 ball pythons
  4 endoplasms
  A giant cockroach (D:1)
  4 goblins
  5 hobgoblins
  3 quokkas (D:3)
  3 bats (D:1)
  3 frilled lizards
  6 kobolds
  5 rats
50 creatures vanquished.

Notes
Turn   | Place    | Note
-------+----------+-------------------------------------------
     0 | D:1      | leafyfresh the Tengu Air Elementalist began the quest for
                  | the Orb.
     0 | D:1      | Reached XP level 1. HP: 10/10 MP: 4/4
   446 | D:1      | Reached XP level 2. HP: 15/15 MP: 6/6
  1544 | D:2      | Reached XP level 3. HP: 19/19 MP: 7/7
  2147 | D:2      | Learned a level 2 spell: Static Discharge
  2151 | D:2      | Learned a level 3 spell: Swiftness
  2984 | D:3      | Found a glowing silver altar of Zin.
  3435 | D:3      | Reached XP level 4. HP: 7/24 MP: 6/9
  3829 | D:3      | Noticed Jessica
  3839 | D:3      | Killed Jessica
  3840 | D:3      | Reached skill level 5 in Air Magic
  4130 | D:3      | Noticed Sigmund
  4149 | D:4      | Gained mutation: Your magical nature lets you fly swiftly
                  | and evasively. [Tengu growth]
  4149 | D:4      | Reached XP level 5. HP: 26/28 MP: 5/10
  4154 | D:4      | HP: 1/28 [orc priest/+2 vorpal flail (5)]
  4154 | D:4      | Slain by an orc priest

Illustrated notes

Levels and vault maps discovered:
D:1:      enne_arrival_octagon_isle, layout_basic
D:2:      layout_loops_ring
D:3:      layout_basic, lemuel_tele_altar, palyth_stone_intersect,
          kennysheep_jessica_study, uniq_sigmund
D:4:      layout_rooms, goddamned_bats, uniq_duvessa, uniq_edmund, uniq_menkaure

Skill      XL: |  1  2  3  4 |
---------------+-------------+-----
Conjurations   | 2 3 |  3.5
Air Magic      | 5 |  5.2
Spellcasting   | 3 |  3.1
Dodging        | |  2.3
Stealth        | |  2.1

Action                   |  1- 3 |  4- 6 || total
-------------------------+-------+-------++-------
Melee: Unarmed           |    14 |       ||    14
       Kick              |    21 |     3 ||    24
       Peck              |    14 |     3 ||    17
       Dagger            |    72 |     8 ||    80
       Punch             |     1 |       ||     1
 Cast: Shock             |     9 |     1 ||    10
       Static Discharge  |     6 |     6 ||    12
 Stab: Sleeping          |     5 |       ||     5
Armor: Robe              |    15 |     2 ||    17
Dodge: Dodged            |    47 |    10 ||    57
